APL (24 & UNDER)
STATE COLLEGE SPIKES @ EL PASO TEXANS
08/11/2028
 
TOP OF THE 1ST
State College Spikes batting - Pitching for El Paso Texans : RHP Fernando Guzmán
Pitching: RHP Fernando Guzmán
Batting: RHB Matt Tucker 0-0: Ball
1-0: Ball
2-0: Fly out, F5 (Popup, 56D)
Batting: SHB Nuno Fonseca 0-0: Called Strike
0-1: Swinging Strike
0-2: Strikes out swinging, 2-3 out at first.
Batting: RHB Millard Walker 0-0: Ball
1-0: Fly out, F5 (Popup, 5S)
Top of the 1st over - 0 run(s), 0 hit(s), 0 error(s), 0 left on base; State College 0 - El Paso 0
BOTTOM OF THE 1ST
El Paso Texans batting - Pitching for State College Spikes : RHP Pedro Alvarado
Pitching: RHP Pedro Alvarado
Batting: LHB Mark Spencer 0-0: Ball
1-0: Called Strike
1-1: Called Strike
1-2: Ball
2-2: Foul Ball, location: 2F
2-2: Foul Ball, location: 2F
2-2: Foul Ball, location: 2F
2-2: Hit by Pitch
Batting: RHB Cole Boehmer 0-0: Called Strike
0-1: Ball
1-1: Called Strike
1-2: Ball
2-2: Ball
3-2: Foul Ball, location: 2F
3-2: Base on Balls
Mark Spencer to second
Batting: RHB Marvin Johnson 0-0: DOUBLE (Line Drive, 7LD)
Mark Spencer scores
Cole Boehmer to third
Batting: RHB José Murillo 0-0: Ball
1-0: Called Strike
1-1: SINGLE (Flyball, 9LM)
Cole Boehmer scores
Marvin Johnson to third
Batting: LHB John Fitzgerald 0-0: Called Strike
0-1: DOUBLE (Flyball, 78D)
Marvin Johnson scores
José Murillo to third
Batting: RHB Javier Álvarez 0-0: Fly out, F7 (Line Drive, 7)
Runner from 3rd tags up, SCORES, no throw
Batting: RHB Andrew O'Dell 0-0: Ball
1-0: Ball
2-0: Ground out 6-3 (Groundball, 56)
Batting: LHB Dave Tucker 0-0: Ball
1-0: Ball
2-0: Called Strike
2-1: Foul Ball, location: 2F
2-2: Ball
3-2: Foul Ball, location: 2F
3-2: Base on Balls
Batting: SHB Miguel Hurtado 0-0: Ball
1-0: Ball
2-0: Swinging Strike
2-1: Swinging Strike
2-2: Ball
3-2: Strikes out swinging
Bottom of the 1st over - 4 run(s), 3 hit(s), 0 error(s), 2 left on base; State College 0 - El Paso 4
TOP OF THE 2ND
State College Spikes batting - Pitching for El Paso Texans : RHP Fernando Guzmán
Batting: RHB Luis Montoya 0-0: Swinging Strike
0-1: Called Strike
0-2: Strikes out swinging
Batting: RHB Luis Árias 0-0: Ball
1-0: Ball
2-0: Foul Ball, location: 2F
2-1: Fly out, F4 (Line Drive, 4)
Batting: RHB Luis Ortega 0-0: Ball
1-0: Ball
2-0: Foul Ball, location: 2F
2-1: Foul Ball, location: 2F
2-2: Foul Ball, location: 2F
2-2: Ball
3-2: Fly out, F8 (Line Drive, 89D)
Top of the 2nd over - 0 run(s), 0 hit(s), 0 error(s), 0 left on base; State College 0 - El Paso 4
BOTTOM OF THE 2ND
El Paso Texans batting - Pitching for State College Spikes : RHP Pedro Alvarado
Batting: LHB Mark Spencer 0-0: Ground out 6-3 (Groundball, 6S)
Batting: RHB Cole Boehmer 0-0: Called Strike
0-1: Ball
1-1: Fly out, F7 (Flyball, 7)
Batting: RHB Marvin Johnson 0-0: Called Strike
0-1: Called Strike
0-2: DOUBLE (Line Drive, 9LM)
Batting: RHB José Murillo 0-0: SINGLE (Groundball, 6) (infield hit)
Marvin Johnson to third
Batting: LHB John Fitzgerald 0-0: SINGLE (Groundball, 4D)
Marvin Johnson scores
José Murillo to second
Runner from 2nd tries for 3rd, SAFE, no throw
Batting: RHB Javier Álvarez 0-0: Ball
1-0: SINGLE (Line Drive, 6MD)
José Murillo scores
John Fitzgerald to second
Pitching: RHP Ricardo Gutiérrez
Batting: RHB Andrew O'Dell 0-0: Ball
1-0: Ball
2-0: Called Strike
2-1: Ball
3-1: Base on Balls
John Fitzgerald to third
Javier Álvarez to second
Batting: LHB Dave Tucker 0-0: Called Strike
0-1: Ball
1-1: Called Strike
1-2: Foul Ball, location: 2F
1-2: Foul Ball, location: 2F
1-2: Foul Ball, location: 2F
1-2: Strikes out swinging
Bottom of the 2nd over - 2 run(s), 4 hit(s), 0 error(s), 3 left on base; State College 0 - El Paso 6
TOP OF THE 3RD
State College Spikes batting - Pitching for El Paso Texans : RHP Fernando Guzmán
Batting: RHB Will Stafford 0-0: Called Strike
0-1: Ball
1-1: Called Strike
1-2: Ground out 6-3 (Groundball, 6)
Batting: RHB Diego Benítez 0-0: Swinging Strike
0-1: Foul Ball, location: 2F
0-2: Ball
1-2: Strikes out swinging
Batting: RHB Emory Brooks 0-0: Foul Ball, location: 2F
0-1: Called Strike
0-2: Ball
1-2: Ball
2-2: Foul Ball, location: 2F
2-2: Foul Ball, location: 2F
2-2: Ball
3-2: Ground out 1-3 (Groundball, P)
Top of the 3rd over - 0 run(s), 0 hit(s), 0 error(s), 0 left on base; State College 0 - El Paso 6
BOTTOM OF THE 3RD
El Paso Texans batting - Pitching for State College Spikes : RHP Ricardo Gutiérrez
Batting: SHB Miguel Hurtado 0-0: DOUBLE (Line Drive, 9LM)
Batting: LHB Mark Spencer 0-0: Ball
1-0: Foul Ball, location: 2F
1-1: Hit by Pitch
Batting: RHB Cole Boehmer 0-0: Ball
1-0: Called Strike
1-1: Ball
2-1: Swinging Strike
2-2: Foul Ball, location: 2F
2-2: Ball
3-2: Strikes out looking
Batting: RHB Marvin Johnson 0-0: Ball
1-0: Ball
2-0: Foul Ball, location: 2F
2-1: SINGLE (Line Drive, 89M)
Miguel Hurtado to third
Mark Spencer to second
Batting: RHB José Murillo 0-0: Ball
1-0: Fly out, F4 (Popup, 34D)
Batting: LHB John Fitzgerald 0-0: Called Strike
0-1: Ball
1-1: SINGLE (Line Drive, 78S)
Miguel Hurtado scores
Mark Spencer to third
Marvin Johnson to second
Runner from 3rd tries for Home, SAFE, no throw
Batting: RHB Javier Álvarez 0-0: Ball
1-0: Called Strike
1-1: SINGLE (Flyball, 9LM)
Marvin Johnson to third
John Fitzgerald to second
Runner from 3rd tries for Home, SAFE, throw made home
Pitching: RHP Drake Johnston
Batting: RHB Andrew O'Dell 0-0: Called Strike
0-1: Ball
1-1: Swinging Strike
1-2: SINGLE (Flyball, 9S)
John Fitzgerald to third
Javier Álvarez to second
Runner from 3rd tries for Home, SAFE, no throw
Batting: LHB Dave Tucker 0-0: Fielders Choice at 2nd, U4 (Groundball, 4M)
Bottom of the 3rd over - 4 run(s), 5 hit(s), 0 error(s), 2 left on base; State College 0 - El Paso 10
TOP OF THE 4TH
State College Spikes batting - Pitching for El Paso Texans : RHP Fernando Guzmán
Batting: RHB Matt Tucker 0-0: Foul Ball, location: 2F
0-1: Fly out, F8 (Line Drive, 89S)
Batting: SHB Nuno Fonseca 0-0: Called Strike
0-1: Foul Ball, location: 2F
0-2: Ball
1-2: Ball
2-2: Ground out 6-3 (Groundball, 6)
Batting: RHB Millard Walker 0-0: Swinging Strike
0-1: Foul Ball, location: 2F
0-2: Ball
1-2: Ground out 5-3 (Groundball, 56)
Top of the 4th over - 0 run(s), 0 hit(s), 0 error(s), 0 left on base; State College 0 - El Paso 10
BOTTOM OF THE 4TH
El Paso Texans batting - Pitching for State College Spikes : RHP Drake Johnston
Batting: SHB Miguel Hurtado 0-0: Ball
1-0: Ball
2-0: SINGLE (Groundball, 3D)
Batting: LHB Mark Spencer 0-0: Ball
1-0: Called Strike
1-1: Foul Ball, location: 2F
1-2: Ball
2-2: Ball
3-2: Base on Balls
Miguel Hurtado to second
Batting: RHB Cole Boehmer 0-0: Swinging Strike
0-1: Ball
1-1: Called Strike
1-2: Ball
2-2: Strikes out looking
Batting: RHB Marvin Johnson 0-0: Ball
1-0: Called Strike
1-1: Swinging Strike
1-2: Ball
2-2: Foul Ball, location: 2F
2-2: Ball
3-2: Strikes out swinging
Batting: RHB José Murillo 0-0: Called Strike
0-1: Swinging Strike
0-2: Strikes out looking
Bottom of the 4th over - 0 run(s), 1 hit(s), 0 error(s), 2 left on base; State College 0 - El Paso 10
TOP OF THE 5TH
State College Spikes batting - Pitching for El Paso Texans : RHP Fernando Guzmán
Batting: RHB Luis Montoya 0-0: Ball
1-0: Fly out, F7 (Flyball, 78S)
Batting: RHB Luis Árias 0-0: Ball
1-0: Ball
2-0: Swinging Strike
2-1: Called Strike
2-2: Ground out 3-1 (Groundball, 34)
Batting: RHB Luis Ortega 0-0: Called Strike
0-1: Swinging Strike
0-2: Strikes out swinging
Top of the 5th over - 0 run(s), 0 hit(s), 0 error(s), 0 left on base; State College 0 - El Paso 10
BOTTOM OF THE 5TH
El Paso Texans batting - Pitching for State College Spikes : RHP Drake Johnston
Batting: LHB John Fitzgerald 0-0: Called Strike
0-1: SINGLE (Groundball, 4) (infield hit)
Batting: RHB Javier Álvarez 0-0: Ball
1-0: Ball
2-0: Ball
3-0: Base on Balls
John Fitzgerald to second
Batting: RHB Andrew O'Dell 0-0: Ball
1-0: Swinging Strike
1-1: DOUBLE (Line Drive, 89M)
John Fitzgerald scores
Javier Álvarez to third
Batting: LHB Dave Tucker 0-0: Ball
1-0: Ball
2-0: Ball
3-0: Called Strike
3-1: Foul Ball, location: 2F
3-2: Base on Balls
Batting: SHB Miguel Hurtado 0-0: SINGLE (Line Drive, 4MD)
Javier Álvarez scores
Andrew O'Dell to third
Dave Tucker to second
Batting: LHB Mark Spencer 0-0: Grounds into double play, 4-6-3 (Groundball, 4)
Andrew O'Dell scores
Dave Tucker to third
Pitching: RHP James Waddell
Batting: RHB Cole Boehmer 0-0: 2-RUN HOME RUN (Flyball, 7LD), Distance : 395 ft
Batting: RHB Marvin Johnson 0-0: Called Strike
0-1: Ball
1-1: Ground out 4-3 (Groundball, 4)
Bottom of the 5th over - 5 run(s), 4 hit(s), 0 error(s), 0 left on base; State College 0 - El Paso 15
TOP OF THE 6TH
State College Spikes batting - Pitching for El Paso Texans : RHP Fernando Guzmán
Batting: RHB Will Stafford 0-0: Ball
1-0: Ball
2-0: Ground out U3 (Groundball, 34S)
Batting: RHB Diego Benítez 0-0: Ball
1-0: Swinging Strike
1-1: Fly out, F6 (Line Drive, 6)
Batting: RHB Emory Brooks 0-0: Ball
1-0: Ball
2-0: Ball
3-0: Called Strike
3-1: Called Strike
3-2: SINGLE (Groundball, 34D)
Batting: RHB Matt Tucker 0-0: Called Strike
0-1: Ball
1-1: Called Strike
1-2: Foul Ball, location: 2F
1-2: Strikes out swinging
Top of the 6th over - 0 run(s), 1 hit(s), 0 error(s), 1 left on base; State College 0 - El Paso 15
BOTTOM OF THE 6TH
El Paso Texans batting - Pitching for State College Spikes : RHP James Waddell
Batting: RHB José Murillo 0-0: Called Strike
0-1: Ball
1-1: Swinging Strike
1-2: Strikes out looking
Batting: LHB John Fitzgerald 0-0: SINGLE (Line Drive, 56D)
Batting: RHB Javier Álvarez 0-0: Ball
1-0: Ball
2-0: Ball
3-0: Base on Balls
John Fitzgerald to second
Pinch Hitting: RHB John Wilson 0-0: Ball
1-0: SINGLE (Line Drive, 7S)
John Fitzgerald to third
Javier Álvarez to second
Runner from 3rd tries for Home, SAFE, no throw
Batting: LHB Dave Tucker 0-0: Called Strike
0-1: Ball
1-1: Ball
2-1: Called Strike
2-2: Foul Ball, location: 2F
2-2: Ball
3-2: Foul Ball, location: 2F
3-2: Base on Balls
Javier Álvarez to third
John Wilson to second
Batting: SHB Miguel Hurtado 0-0: Ball
1-0: Called Strike
1-1: Foul Ball, location: 2F
1-2: Strikes out swinging
Batting: LHB Mark Spencer 0-0: Called Strike
0-1: Ball
1-1: Swinging Strike
1-2: Strikes out looking
Bottom of the 6th over - 1 run(s), 2 hit(s), 0 error(s), 3 left on base; State College 0 - El Paso 16
TOP OF THE 7TH
State College Spikes batting - Pitching for El Paso Texans : RHP Fernando Guzmán
Now at 2B: John Wilson
Batting: SHB Nuno Fonseca 0-0: Ground out U3 (Groundball, 3)
Batting: RHB Millard Walker 0-0: Called Strike
0-1: Swinging Strike
0-2: Ball
1-2: Ball
2-2: Strikes out swinging
Batting: RHB Luis Montoya 0-0: Called Strike
0-1: Foul Ball, location: 2F
0-2: DOUBLE (Line Drive, 89M)
Pitching: RHP Derek Baker
Batting: RHB Luis Árias 0-0: Called Strike
0-1: Swinging Strike
0-2: Ball
Wild Pitch!
Luis Montoya to third
1-2: Hit by Pitch
Batting: RHB Luis Ortega 0-0: Ball
1-0: Ball
2-0: Ball
3-0: Base on Balls
Luis Árias to second
Batting: RHB Will Stafford 0-0: Fielders Choice at 2nd, 6-4 (Groundball, 6)
Top of the 7th over - 0 run(s), 1 hit(s), 0 error(s), 2 left on base; State College 0 - El Paso 16
BOTTOM OF THE 7TH
El Paso Texans batting - Pitching for State College Spikes : RHP James Waddell
Batting: RHB Cole Boehmer 0-0: Ball
1-0: Foul Ball, location: 2F
1-1: Ball
2-1: Foul Ball, location: 2F
2-2: Fly out, F8 (Flyball, 8RM)
Batting: RHB Marvin Johnson 0-0: Foul Ball, location: 2F
0-1: Ball
1-1: Swinging Strike
1-2: Ball
2-2: SINGLE (Line Drive, 7LM)
Batting: RHB José Murillo 0-0: Ball
1-0: Swinging Strike
1-1: Ball
2-1: Ball
3-1: Grounds into double play, 6-4-3 (Groundball, 6)
Bottom of the 7th over - 0 run(s), 1 hit(s), 0 error(s), 0 left on base; State College 0 - El Paso 16
TOP OF THE 8TH
State College Spikes batting - Pitching for El Paso Texans : RHP Derek Baker
Batting: RHB Diego Benítez 0-0: Ball
1-0: Fly out, F7 (Flyball, 78M)
Batting: RHB Emory Brooks 0-0: Foul Ball, location: 2F
0-1: Swinging Strike
0-2: Strikes out swinging
Batting: RHB Matt Tucker 0-0: Swinging Strike
0-1: Ball
1-1: Ball
2-1: Ground out 4-3 (Groundball, 34)
Top of the 8th over - 0 run(s), 0 hit(s), 0 error(s), 0 left on base; State College 0 - El Paso 16
BOTTOM OF THE 8TH
El Paso Texans batting - Pitching for State College Spikes : RHP James Waddell
Batting: LHB John Fitzgerald 0-0: Ball
1-0: Ball
2-0: Called Strike
2-1: Ball
3-1: Base on Balls
Batting: RHB Javier Álvarez 0-0: Called Strike
0-1: DOUBLE (Line Drive, 78M)
John Fitzgerald to third
Runner from 3rd tries for Home, SAFE, no throw
Pitching: RHP Nelson Rivera
Batting: RHB John Wilson 0-0: Ball
1-0: Called Strike
1-1: Ball
2-1: Called Strike
2-2: Foul Ball, location: 2F
2-2: Ball
3-2: Foul Ball, location: 2F
3-2: Base on Balls
Batting: LHB Dave Tucker 0-0: Ball
1-0: Ball
2-0: Foul Ball, location: 2F
2-1: Ball
3-1: Called Strike
3-2: SINGLE (Line Drive, 7S)
Javier Álvarez to third
John Wilson to second
Batting: SHB Miguel Hurtado 0-0: Swinging Strike
0-1: Ball
1-1: Foul Ball, location: 2F
1-2: Strikes out looking
Batting: LHB Mark Spencer 0-0: Ball
1-0: Ball
2-0: Foul Ball, location: 2F
2-1: Ball
3-1: Base on Balls
Javier Álvarez scores
John Wilson to third
Dave Tucker to second
Pinch Hitting: SHB Oliver Riley 0-0: SINGLE (Groundball, 34D)
John Wilson scores
Dave Tucker to third
Mark Spencer to second
Runner from 3rd tries for Home, SAFE, no throw
Batting: RHB Marvin Johnson 0-0: Ball
1-0: Foul Ball, location: 2F
1-1: Foul Ball, location: 2F
1-2: Grounds into double play, 4-6-3 (Groundball, 4M)
Bottom of the 8th over - 4 run(s), 3 hit(s), 0 error(s), 1 left on base; State College 0 - El Paso 20
TOP OF THE 9TH
State College Spikes batting - Pitching for El Paso Texans : RHP Derek Baker
Now in LF: Rafael Crus
Batting: SHB Nuno Fonseca 0-0: Ball
1-0: Fly out, F7 (Flyball, 7S)
Batting: RHB Millard Walker 0-0: Swinging Strike
0-1: Called Strike
0-2: Strikes out swinging
Batting: RHB Luis Montoya 0-0: Called Strike
0-1: Foul Ball, location: 2F
0-2: Foul Ball, location: 2F
0-2: Fly out, F8 (Flyball, 8LD)
Top of the 9th over - 0 run(s), 0 hit(s), 0 error(s), 0 left on base; State College 0 - El Paso 20
Tuesday, August 8th, 2017 - OOTP Baseball 17.12 Build 75